 Dungeon Crawl Stone Soup version 0.15.1-4-gac8487e (webtiles) character file.

5854 Johnny the Chiller (level 10, -2/80 HPs)
             Began as a Demigod Ice Elementalist on Oct 15, 2014.
             Slain by a blink frog (9 damage)
             ... on Level 2 of the Lair of Beasts.
             The game lasted 00:32:00 (12289 turns).

Johnny the Chiller (Demigod Ice Elementalist)      Turns: 12289, Time: 00:32:00

HP  -2/80        AC 10     Str 11      XL: 10   Next: 27%
MP  21/34        EV 15     Int 23      God:
Gold 341         SH  0     Dex 25      Spells:  4 memorised,  7 levels left

rFire  + . .     SeeInvis .     s - +8 quarterstaff (chaos)
rCold  . . .     Clarity  .     j - +0 ring mail
rNeg   . . .     rCorr    .     (no shield)
rPois  .         rRot     .     (no helmet)
rElec  .         Spirit   .     t - +0 cloak (curse)
SustAb .         Warding  .     C - +2 pair of gloves
rMut   .         Stasis   .     (no boots)
Gourm  .                        (no amulet)
MR     +....                    E - ring of protection from fire
                                g - ring of magical power

@: agile, about to teleport, somewhat resistant to hostile enchantments,
stealthy
A: no striking features
a: no special abilities


You were on level 2 of the Lair of Beasts.
You were hungry.

You visited 2 branches of the dungeon, and saw 10 of its levels.

You collected 578 gold pieces.
You spent 237 gold pieces at shops.

Inventory:

Hand weapons
 h - a +0 scythe of protection
 s - a +8 quarterstaff of chaos (weapon)
 z - a +2 great sword of protection
Missiles
 a - 8 steel javelins (quivered)
Armour
 j - a +0 ring mail (worn)
 t - a cursed +0 cloak (worn)
 C - a +2 pair of gloves (worn)
Magical devices
 e - a wand of teleportation (2)
 i - a wand of fire (3)
 n - a wand of enslavement (3)
 y - a wand of cold (3)
 H - a wand of fireball (2)
 J - a wand of paralysis (19) {unknown}
Comestibles
 c - 8 bread rations
 o - a beef jerky
 r - 4 meat rations
 M - 4 chunks of yak flesh
Scrolls
 d - a scroll of magic mapping
 f - 7 scrolls of remove curse
 m - a scroll of enchant armour
 q - a scroll of immolation {unknown}
 u - a scroll of random uselessness {unknown}
 v - 4 scrolls of amnesia
 w - 2 scrolls of noise {unknown}
 x - 2 scrolls of fog {unknown}
 D - a scroll of brand weapon {unknown}
 F - 2 scrolls of blinking {unknown}
Jewellery
 g - a ring of magical power (left hand)
 A - an uncursed amulet of stasis
 E - a ring of protection from fire (right hand)
 G - an uncursed ring of see invisible
Potions
 k - 2 potions of confusion
 p - a potion of degeneration {unknown}
 B - a potion of haste
Books
 b - a book of Frost

   Spells                             Type                      Level
   *Freeze                            Ice                          1
   Throw Frost                        Conjuration/Ice              2
   *Ozocubu's Armour                  Charms/Ice                   3
   *Throw Icicle                      Conjuration/Ice              4
   *Summon Ice Beast                  Ice/Summoning                4
   Condensation Shield                Ice                          4
Miscellaneous
 I - a disc of storms


   Skills:
 * Level 4.9 Fighting
 - Level 1.0 Long Blades
 - Level 2.9(3.3) Polearms
 * Level 2.5(3.2) Staves
 + Level 3.4 Armour
 + Level 3.8 Dodging
 + Level 4.5 Stealth
 * Level 5.3 Spellcasting
 * Level 1.9 Conjurations
 * Level 4.4 Charms
 * Level 4.6 Summonings
 * Level 5.9 Ice Magic
 + Level 4.0 Evocations


You had 7 spell levels left.
You knew the following spells:

 Your Spells              Type           Power        Failure   Level  Hunger
a - Freeze                Ice            ####         1%          1    None
b - Summon Ice Beast      Ice/Summ       ####....     17%         4    ####...
c - Ozocubu's Armour      Chrm/Ice       ####....     6%          3    ##.....
d - Throw Icicle          Conj/Ice       ###.....     30%         4    ####...


Dungeon Overview and Level Annotations

Branches:
Dungeon (8/15)             Temple (0/1) D:5            Lair (2/8) D:8

Shops:
D:4 %   D:6 *


Message History

Press: ? - help, Shift-Dir - straight line, f - you Nothing appears to happen.
The blink frog hits you.
* * * LOW HITPOINT WARNING * * *
The blink frog blinks! x2
Unknown command.
Read which item? (? for menu, Esc to quit)
Okay, then.
Evoke which item? (* to show all) (? for menu, Esc to quit)
Okay, then.
Read which item? (? for menu, Esc to quit)
Charge which item? (? for menu, Esc to quit)
As you read the scroll of recharging, it crumbles to dust.
Your wand of teleportation {empty} glows for a moment.
Evoke which item? (* to show all) (? for menu, Esc to quit)
Zapping:
e - a wand of teleportation {recharged}
Press: ? - help, Shift-Dir - straight line, f - you You feel strangely unstable.
The blink frog barely misses you.
Unknown command.
The blink frog blinks!
The blink frog hits you!
You die...

##.#.#.P###[..........#
#..## ###.>r.###.##
.... ###...# ##### #.#
#.######.P.# ####
#..#......P#
..#####..........#
#.##..#.###P..#...
#.#...........#...
###.#@F#.%.#.##.#.....
#P...≈F.§...#######...
#≈≈.≈≈≈≈≈...## ##..
#.≈≈≈≈≈≈≈≈≈.# #..
#.≈≈≈≈≈≈≈≈≈.## ###
.≈≈≈≈.≈≈≈≈≈..#
≈≈≈≈.<.≈≈≈≈##
≈≈≈≈..≈≈≈≈##
≈≈≈≈≈≈≈≈..##


You could see 2 blink frogs.

Vanquished Creatures
  A komodo dragon (Lair:1)
  A fire drake (D:8)
  3 blink frogs (Lair:2)
  A yak (Lair:2)
  A hippogriff (Lair:1)
  A porcupine (Lair:1)
  2 water moccasins
  An orc warrior (D:5)
  A phantom (D:4)
  2 ogres
  4 centaurs
  2 ice beasts
  4 crocodiles
  2 giant frogs
  3 scorpions
  A goliath beetle (D:7)
  6 crimson imps
  2 hounds
  Crazy Yiuf (D:2)
  A giant frog skeleton (D:5)
  5 orc priests
  5 orc wizards
  4 iguanas
  7 worker ants
  Ijyb (D:4)
  A hound zombie (D:5)
  A mummy (D:5)
  3 gnolls (D:3)
  9 green rats
  9 adders
  A shadow imp (D:5)
  A worm (D:3)
  2 oozes
  27 orcs
  8 bats
  A bat zombie (D:5)
  7 giant cockroaches
  23 hobgoblins
  20 kobolds
  7 quokkas
  A ball python (D:3)
  A giant cockroach zombie (D:5)
  7 giant geckos
  6 giant newts
  A giant spore (D:8)
  9 goblins
  A hobgoblin skeleton (D:4)
  A hobgoblin zombie (D:8)
  5 jackals
  An orc skeleton (D:5)
  13 rats
  21 ballistomycetes
  A fungus (D:2)
250 creatures vanquished.

Vanquished Creatures (collateral kills)
  A hydra (Lair:1)
  3 spiny frogs
  3 blink frogs (Lair:2)
  A hungry ghost (D:8)
  3 yaks (Lair:2)
  2 water moccasins (Lair:2)
  A sky beast (D:6)
  A centaur (D:6)
  A crocodile (Lair:1)
  Sigmund (D:5)
  A big kobold (D:8)
  A giant frog (Lair:2)
  A troll skeleton (D:8)
  A hound (Lair:1)
  An ogre skeleton (D:6)
  13 green rats
  An orc skeleton (D:8)
  An orc (D:5)
  2 giant cockroaches (D:6)
  2 jackals (D:5)
  A kobold (D:8)
42 creatures vanquished.

Vanquished Creatures (others)
  22 ice beasts
  A hound (D:7)
  A giant spore (D:7)
24 creatures vanquished.

Grand Total: 316 creatures vanquished

Notes
Turn   | Place    | Note
--------------------------------------------------------------
     0 | D:1      | Johnny, the Demigod Ice Elementalist, began the quest for the Orb.
     0 | D:1      | Reached XP level 1. HP: 14/14 MP: 3/3
   409 | D:1      | Reached XP level 2. HP: 17/22 MP: 5/5
  1346 | D:2      | You fall through a shaft for 2 floors!
  1409 | D:2      | Reached XP level 3. HP: 25/27 MP: 8/8
  1664 | D:2      | Reached skill level 1 in Fighting
  1887 | D:2      | Noticed Crazy Yiuf
  1894 | D:2      | Killed Crazy Yiuf
  1894 | D:2      | Reached skill level 3 in Ice Magic
  1894 | D:2      | Reached XP level 4. HP: 26/35 MP: 6/11
  2132 | D:3      | Reached skill level 1 in Armour
  2701 | D:3      | Reached XP level 5. HP: 38/41 MP: 5/13
  2709 | D:3      | Learned a level 4 spell: Summon Ice Beast
  2856 | D:4      | Found Rialedgh's Food Boutique.
  2889 | D:4      | HP: 2/41 [something/puff of flame (2)]
  3137 | D:4      | Reached skill level 1 in Summonings
  3173 | D:4      | Reached skill level 1 in Evocations
  3465 | D:4      | Reached XP level 6. HP: 39/48 MP: 13/17
  3709 | D:4      | Noticed Ijyb
  3719 | D:4      | Killed Ijyb
  3990 | D:4      | Noticed a phantom
  4067 | D:4      | Killed a phantom
  4127 | D:5      | Entered Level 5 of the Dungeon
  4177 | D:5      | Learned a level 3 spell: Ozocubu's Armour
  4759 | D:5      | Reached skill level 1 in Charms
  4759 | D:5      | Reached XP level 7. HP: 6/56 MP: 2/19
  5204 | D:5      | Found a staircase to the Ecumenical Temple.
  5240 | D:5      | Noticed Sigmund
  5249 | D:5      | Killed Sigmund
  5249 | D:5      | Reached skill level 4 in Ice Magic
  5580 | D:5      | Reached skill level 1 in Staves
  5812 | D:6      | Found Fibukhlug's General Store.
  6092 | D:6      | Bought a +2 great sword of protection for 237 gold pieces
  6172 | D:6      | Reached XP level 8. HP: 14/62 MP: 4/20
  6381 | D:6      | Reached skill level 1 in Long Blades
  7459 | D:6      | Noticed a shadow demon
  7512 | D:6      | Reached skill level 1 in Polearms
  7564 | D:6      | Noticed a hellwing
  7827 | D:7      | Found a basalt altar of Yredelemnul.
  9069 | D:8      | Reached skill level 5 in Ice Magic
  9242 | D:8      | Noticed a fire drake
  9243 | D:8      | Found a staircase to the Lair.
  9253 | D:8      | Killed a fire drake
  9253 | D:8      | Reached XP level 9. HP: 13/71 MP: 23/23
  9826 | Lair:1   | Entered Level 1 of the Lair of Beasts
 10069 | Lair:1   | Noticed a komodo dragon
 10083 | Lair:1   | Killed a komodo dragon
 10094 | Lair:1   | Noticed a seven-headed hydra
 10106 | Lair:1   | Killed a seven-headed hydra
 10106 | Lair:1   | Reached skill level 5 in Spellcasting
 10126 | Lair:1   | Noticed a spiny frog
 10142 | Lair:1   | Killed a spiny frog
 10638 | Lair:1   | Learned a level 4 spell: Throw Icicle
 10886 | Lair:1   | Reached skill level 1 in Conjurations
 11633 | Lair:2   | Noticed a spiny frog
 11654 | Lair:2   | Killed a spiny frog
 11654 | Lair:2   | Reached XP level 10. HP: 36/80 MP: 17/25
 11695 | Lair:2   | Noticed a spiny frog
 11786 | Lair:2   | Killed a spiny frog
 12113 | Lair:2   | Noticed a komodo dragon
 12289 | Lair:2   | Slain by a blink frog

Action                   |  1- 3 |  4- 6 |  7- 9 | 10-12 || total
-------------------------+-------+-------+-------+-------++-------
Melee: Short sword       |    80 |   129 |       |       ||   209
       Unarmed           |     3 |       |       |       ||     3
       Quarterstaff      |       |     3 |   320 |     4 ||   327
       Great sword       |       |       |    52 |       ||    52
Throw: Javelin           |       |       |     3 |       ||     3
 Cast: Freeze            |    35 |   115 |    24 |    11 ||   185
       Summon Ice Beast  |       |     2 |    41 |    12 ||    55
Evoke: Wand              |     1 |     6 |    12 |     7 ||    26
  Use: Scroll            |       |     7 |    10 |     1 ||    18
       Potion            |       |     6 |     4 |     2 ||    12
 Stab: Sleeping          |     2 |     4 |     4 |       ||    10
       Invisible         |       |       |     3 |       ||     3
       Paralysed         |       |       |     1 |       ||     1
       Confused          |       |       |     2 |       ||     2
       Petrified         |       |       |     1 |       ||     1
       Distracted        |       |       |     2 |       ||     2
  Eat: Chunk             |     3 |     9 |    16 |     3 ||    31
       Fruit             |       |       |     1 |       ||     1
       Beef jerky        |       |       |     5 |     1 ||     6
       Meat ration       |       |       |     1 |       ||     1
       Pizza             |       |       |     1 |       ||     1
